 Dungeon Crawl Stone Soup version 0.30-a0-808-g6e0788376e (webtiles) character file.

Game seed: 17847501277919061669

812 cforsyth the Covert (level 8, 0/49 HPs)
             Began as a Kobold Brigand on Feb 25, 2023.
             Slain by an iguana (11 damage)
             ... on level 5 of the Dungeon.
             The game lasted 00:04:59 (4623 turns).

cforsyth the Covert (Kobold Brigand)                Turns: 4623, Time: 00:05:00

Health: 0/49       AC:  5    Str:  8    XL:     8   Next: 15%
Magic:  8/8        EV: 17    Int: 13    God:
Gold:   238        SH:  0    Dex: 18    Spells: 7/7 levels left

rFire   . . .      SeeInvis .    a - +2 dagger
rCold   + . .      Faith    .    (no shield)
rNeg    . . .      Spirit   .    b - +0 robe
rPois   +          Reflect  .    (no helmet)
rElec   .          Harm     .    r - +1 cloak "Qealoyr" {rC+}
rCorr   .          Rampage  .    q - +0 pair of gloves
Will    .....                    (no boots)
Stlth   +++++                    (no amulet)
HPRegen 0.28/turn                o - ring of poison resistance
MPRegen 0.11/turn                (no ring)

@: lethally poisoned (0 -> -5)
A: small, no large weapons, nightstalker 3
a: no special abilities


You were on level 5 of the Dungeon.
You visited 1 branch of the dungeon, and saw 5 of its levels.

You collected 238 gold pieces.

Inventory:

Hand Weapons
 a - a +2 dagger (weapon)
Missiles
 d - 14 poisoned darts (quivered)
 e - 9 curare-tipped darts
 x - 4 atropa-tipped darts
Armour
 b - a +0 robe (worn)
 c - a +0 cloak
 q - a +0 pair of gloves (worn)
 r - the +1 cloak "Qealoyr" (worn) {rC+}
   (You found it on level 3 of the Dungeon)

   rC:        It protects you from cold.
Jewellery
 o - a ring of poison resistance (left hand)
 w - a ring of magical power
Scrolls
 g - 7 scrolls of identify {unknown}
 i - 2 scrolls of amnesia {unknown}
 j - 3 scrolls of teleportation {unknown}
 m - a scroll of magic mapping {unknown}
 v - a scroll of silence {unknown}
 y - a scroll of noise {unknown}
Potions
 f - a potion of berserk rage {unknown}
 h - 2 potions of flight {unknown}
 k - a potion of haste {unknown}
 l - a potion of degeneration {unknown}
 n - a potion of heal wounds
 p - a potion of might {unknown}
 s - a potion of brilliance {unknown}
 t - a potion of attraction {unknown}
 u - 2 potions of curing {unknown}


   Skills:
 + Level 5.1 Fighting
 + Level 6.2 Short Blades
 - Level 2.1 Throwing
 + Level 5.1 Dodging
 + Level 8.1 Stealth


You had 7 spell levels left.
You didn't know any spells.
Your spell library contained the following spells:

 Spells                   Type           Power      Damage    Failure   Level
 Blade Hands              Tmut           0%         N/A       100%        5
 Irradiate                Conj/Tmut      0%         3d11      100%        5
 Dragon Form              Tmut           0%         N/A       100%        7


Dungeon Overview and Level Annotations

Branches:
Dungeon (5/15)
 Temple: D:4-7

Altars:
Ru
Xom
Yredelemnul

Shops:
D:1 *


Innate Abilities, Weirdness & Mutations

You are small and have problems with some larger weapons.
You are completely attuned to the shadows.


Message History

The scorpion is moderately wounded.
The scorpion barely misses you.
You hit the scorpion but do no damage.
The scorpion is moderately wounded.
The scorpion barely misses you.
You hit the scorpion but do no damage.
The scorpion is moderately wounded.
The scorpion barely misses you.
You hit the scorpion.
The scorpion is heavily wounded.
The scorpion closely misses you.
You barely miss the scorpion.
The scorpion is heavily wounded.
The iguana bites you.
You hit the scorpion.
The scorpion is severely wounded.
The scorpion completely misses you.
You hit the scorpion but do no damage.
The scorpion is severely wounded.
The iguana closely misses you. The scorpion stings you.
You barely miss the scorpion.
The scorpion is severely wounded.
The scorpion stings you but does no damage.
The iguana bites you.
You hit the scorpion.
The scorpion is severely wounded.
The scorpion stings you!
You are poisoned.
The scorpion poisons you! The iguana closely misses you.
You hit the scorpion but do no damage.
The scorpion is severely wounded.
You feel very sick. The scorpion closely misses you.
You feel sick.
You feel sick. The scorpion attacks as you move away! The scorpion stings you.
* * * LOW HITPOINT WARNING * * *
You feel sick. The iguana attacks as you move away! The iguana bites you!
You die...

.................#
..............)).#
.................#########
###......................#
#..............#######.#
###....................#.####
........##........####.#...)#
....)...##.......)# #.####.#
.........#.....l@.####.# #.#
.........#......s......# #.#
.........'...........######.#
...###+#.#...........'......#
...###.#.....#'##....########
................>....#
######.......#.#.....#
##..###.#.#.....+ ##.#
#.....#


You could see a scorpion and an iguana.

Vanquished Creatures
  A black bear (D:4)
  A centaur (D:5)
  Blork the orc (D:4)
  5 hounds
  An orc priest (D:4)
  3 iguanas
  Natasha (thrice) (D:3)
  3 gnolls (D:5)
  9 adders
  A white imp (D:5)
  3 worms
  4 orcs
  6 endoplasms
  2 giant cockroaches
  6 goblins
  5 hobgoblins
  3 jackals (D:3)
  2 quokkas
  8 ball pythons
  5 bats
  A frilled lizard (D:3)
  9 kobolds
  A rat (D:2)
83 creatures vanquished.

Vanquished Creatures (others)
  A phantom (D:5)
1 creature vanquished.

Grand Total: 84 creatures vanquished

Notes
Turn   | Place    | Note
-------+----------+-------------------------------------------
     0 | D:1      | cforsyth the Kobold Brigand began the quest for the Orb.
     0 | D:1      | Reached XP level 1. HP: 12/12 MP: 1/1
    11 | D:1      | Found Satast's General Store.
   267 | D:1      | Reached XP level 2. HP: 18/18 MP: 2/2
   907 | D:2      | Reached XP level 3. HP: 22/22 MP: 3/3
  1312 | D:2      | Reached XP level 4. HP: 27/27 MP: 4/4
  1410 | D:3      | Identified the +1 cloak "Qealoyr" {rC+}
  1472 | D:3      | Noticed Natasha
  1494 | D:3      | Killed Natasha
  1495 | D:3      | Reached skill level 6 in Stealth
  1719 | D:3      | Noticed Natasha
  1729 | D:3      | Killed Natasha
  1730 | D:3      | Reached XP level 5. HP: 19/32 MP: 5/5
  1800 | D:3      | Noticed Natasha
  1803 | D:3      | Killed Natasha
  2035 | D:3      | Found a sacrificial altar of Ru.
  2294 | D:4      | Reached XP level 6. HP: 38/38 MP: 6/6
  2338 | D:4      | Noticed Blork the orc
  2340 | D:4      | Killed Blork the orc
  2437 | D:4      | Reached skill level 7 in Stealth
  2478 | D:4      | Noticed a black bear
  2801 | D:4      | Reached skill level 5 in Short Blades
  2809 | D:4      | Reached XP level 7. HP: 11/43 MP: 7/7
  3169 | D:4      | Found a shimmering altar of Xom.
  3169 | D:4      | Found a basalt altar of Yredelemnul.
  3188 | D:5      | Entered Level 5 of the Dungeon
  3820 | D:4      | HP: 2/44 [iguana (11)]
  4497 | D:5      | Reached skill level 8 in Stealth
  4497 | D:5      | Reached XP level 8. HP: 20/48 MP: 8/8
  4508 | D:5      | Reached skill level 5 in Fighting
  4508 | D:5      | Reached skill level 5 in Dodging
  4623 | D:5      | Slain by an iguana

Illustrated notes

Levels and vault maps discovered:
D:1:      giann_bridges, layout_loops_ring, serial_shops, shop_fountains
D:2:      layout_loops_ring, chequers_serial_rivers_marsh
D:3:      layout_rooms, nicolae_ru_the_path_less_chosen, uniq_natasha
D:4:      layout_rooms, gammafunk_temple_overflow_elements,
          kennysheep_generic_room_6, uniq_blork_the_orc
D:5:      minmay_skewed_foursquare, layout_basic, lemuel_crystal_altar,
          nicolae_figureground_pulse

Skill      XL: |  1  2  3  4  5  6  7  8 |
---------------+-------------------------+-----
Short Blades   | 3 4 5 6 |  6.2
Dodging        | 2 3 4 5 |  5.1
Fighting       | 3 4 5 |  5.1
Stealth        | 6 7 8 |  8.1
Throwing       | |  2.1

Action                     |  1- 3 |  4- 6 |  7- 9 || total
---------------------------+-------+-------+-------++-------
  Melee: Dagger            |    48 |   149 |   193 ||   390
         Punch             |       |     1 |     3 ||     4
    Use: Potion            |       |       |     2 ||     2
   Stab: Sleeping          |    19 |    16 |     3 ||    38
         Distracted        |       |     1 |     2 ||     3
 Armour: Robe              |     3 |    26 |    26 ||    55
  Dodge: Dodged            |    22 |   101 |   138 ||   261

Table legend: (Time is in decaauts)
 A = Elapsed time spent in this place.
 B = Non-inter-level travel time spent in this place.
 C = Inter-level travel time spent in this place.
 D = Time resting spent in this place.
 E = Time spent auto-exploring this place.
 F = Levels seen in this place.
 G = Mean time per level.
                   A        B        C        D        E       F      G
               +--------+--------+--------+--------+--------+-----+--------+
         Total |   4533 |   4420 |    113 |    621 |   3022 |   5 |  906.6 |
       Dungeon |   4533 |   4420 |    113 |    621 |   3022 |   5 |  906.6 |
               +--------+--------+--------+--------+--------+-----+--------+

Top non-repeatable levels by time:
     D:4: 1145 daAuts
     D:5: 1029 daAuts
     D:3: 955 daAuts
     D:1: 706 daAuts
     D:2: 697 daAuts
